Map: Inside and Out

Players

Astrea

  • Race: Protoss Protoss
  • League: Grandmaster
  • Spawn Location: 7:00

ByuN - Winner!

  • Race: Terran Terran
  • Spawn Location: 1:00

VOD

Have the link to the VOD?

Description

Time

  • Played on: Oct. 22, 2022, 6:45 a.m.
  • Length: 10:40
Show
View Real Time Build Order
Export as new Build Order

Astrea Protoss 

Build Orders: 1 Gate Expand, Blink Stalkers 

Get SALT Encoding   

  12  0:00  Probe  
  13  0:12  Probe  
  14  0:16  Pylon  
  14  0:24  Probe (Chrono Boost)  
  15  0:35  Gateway  
  16  0:36  Probe (Chrono Boost)  
  16  0:42  Probe (Chrono Boost)  
  16  0:45  Assimilator  
  17  0:51  Probe  
  18  1:03  Probe  
  19  1:15  Probe  
  20  1:22  Cybernetics Core  
  20  1:30  Nexus  
  20  1:37  Pylon  
  20  1:40  Probe  
  20  1:45  Assimilator  
  21  1:52  Probe  
  22  1:55  Stalker (Chrono Boost)  
  24  2:04  Probe  
  24  2:07  Warp Gate  
  25  2:18  Stalker  
  25  2:22  Probe (Chrono Boost)  
  27  2:33  Probe (Chrono Boost)  
  28  2:39  Probe (Chrono Boost)  
  28  2:43  Probe (Chrono Boost)  
  30  2:44  Twilight Council  
  31  2:53  Probe x2 (Chrono Boost)  
  31  2:58  Probe (Chrono Boost)  
  32  3:00  Probe  
  32  3:04  Gateway  
  34  3:10  Probe  
  35  3:12  Probe  
  35  3:14  Blink (Chrono Boost)  
  36  3:22  Probe  
  36  3:25  Robotics Facility  
  38  3:27  Probe  
  38  3:34  Probe, Pylon  
  39  3:39  Probe  
  40  3:44  Gateway  
  40  3:46  Probe  
  41  3:51  Probe  
  42  3:56  Stalker  
  42  3:58  Probe  
  42  3:59  Stalker  
  42  4:00  Pylon  
  47  4:03  Probe  
  48  4:10  Probe  
  48  4:13  Warp Prism (Chrono Boost)  
  48  4:15  Probe  
  52  4:20  Stalker  
  52  4:22  Stalker  
  56  4:32  Pylon  
  56  4:41  Stalker  
  56  4:42  Nexus  
  59  4:45  Observer  
  59  4:47  Stalker  
  59  4:51  Stalker  
  63  4:56  Pylon  
  63  4:57  Probe  
  63  4:58  Probe  
  65  5:04  Stalker  
  67  5:10  Stalker  
  67  5:11  Probe  
  67  5:14  Probe  
  71  5:23  Probe  
  71  5:27  Probe  
  69  5:31  Stalker x2  
  73  5:35  Probe  
  73  5:39  Probe  
  73  5:41  Observer  
  74  5:49  Charge  
  73  5:50  Probe (Chrono Boost)  
  73  5:51  Probe (Chrono Boost)  
  73  5:56  Probe (Chrono Boost)  
  75  6:03  Probe (Chrono Boost)  
  75  6:04  Gateway x2  
  77  6:05  Probe x2 (Chrono Boost), Gateway  
  77  6:06  Gateway  
  77  6:08  Probe (Chrono Boost)  
  77  6:11  Probe  
  79  6:12  Probe  
  79  6:15  Observer  
  79  6:16  Gateway  
  79  6:18  Probe  
  80  6:22  Assimilator x2  
  80  6:23  Probe  
  81  6:29  Zealot, Probe  
  81  6:30  Zealot x2  
  81  6:32  Pylon  
  88  6:35  Templar Archives  
  88  6:39  Probe x2, Pylon  
  90  6:41  Probe  
  90  6:45  Observer, Pylon  
  91  6:51  Shield Battery, Zealot x3  
  97  7:00  Zealot x3  
  103  7:01  Zealot  
  103  7:02  Observer  
  105  7:14  Zealot x4  
  113  7:15  Pylon  
  113  7:16  Forge  
  113  7:18  Pylon x2  
  111  7:27  High Templar  
  109  7:31  Pylon  
  108  7:45  Zealot x7  
  116  7:53  Probe  
  116  7:56  Probe  
  84  8:00  Probe, Stalker  
  81  8:06  Stalker x5  
  81  8:12  Probe x2  
  74  8:14  Templar Archives  
  74  8:15  Pylon  
  74  8:19  Probe  
  69  8:24  Probe x2  
  69  8:26  Observer  
  62  8:31  Probe  
  60  8:35  Stalker x4  
  60  8:36  Probe x2 (Chrono Boost)  
  70  8:43  Probe (Chrono Boost)  
  70  8:44  Pylon  
  73  8:48  Probe (Chrono Boost)  
  73  8:49  Probe (Chrono Boost)  
  73  8:52  Probe (Chrono Boost)  
  73  8:53  Pylon  
  73  8:54  Stalker  
  76  8:56  Stalker  
  78  9:07  Zealot x4  
  73  9:18  Stalker  
  73  9:19  Stalker x2  
  73  9:20  Probe  
  73  9:22  Zealot  
  74  9:28  Zealot x2  
  71  9:31  Zealot  
  71  9:35  Zealot x2  
  69  9:44  Stalker x2  
  63  9:50  Stalker x4  
  71  9:54  Pylon  
  71  9:59  Probe x3  
  74  10:09  High Templar x2, Pylon  
  74  10:11  Probe  
  74  10:13  Zealot x2  
  81  10:28  Zealot x4  
Show
View Real Time Build Order
Export as new Build Order

ByuN Terran - Winner!

Build Orders:  

Get SALT Encoding   

  12  0:00  SCV  
  13  0:12  SCV  
  14  0:17  Supply Depot  
  14  0:24  SCV  
  15  0:39  Barracks  
  15  0:40  SCV  
  16  0:45  Refinery  
  16  0:52  SCV  
  16  0:55  Refinery  
  17  1:04  SCV  
  18  1:16  SCV  
  19  1:27  Reaper  
  19  1:28  Orbital Command  
  20  1:42  Factory  
  20  1:52  Supply Depot  
  20  1:53  SCV  
  21  2:05  SCV  
  22  2:17  SCV  
  22  2:26  Widow Mine  
  22  2:27  Command Center  
  22  2:29  SCV  
  25  2:36  Starport  
  25  2:42  SCV  
  26  2:48  Supply Depot  
  26  2:49  Widow Mine  
  28  2:54  SCV  
  29  3:06  SCV  
  29  3:10  Widow Mine  
  29  3:11  Barracks Reactor  
  29  3:12  Medivac  
  34  3:18  SCV  
  34  3:19  Barracks  
  35  3:30  SCV  
  35  3:31  Factory Tech Lab  
  36  3:43  SCV  
  36  3:45  Starport Tech Lab  
  36  3:47  Marine x2  
  39  3:51  Siege Tank  
  39  3:54  Orbital Command  
  39  3:55  SCV  
  43  4:05  Supply Depot, Marine x2  
  43  4:07  SCV  
  46  4:12  Raven, Marine  
  49  4:19  Supply Depot, SCV  
  49  4:21  SCV  
  49  4:23  Marine x2  
  53  4:28  Siege Tank  
  56  4:33  SCV  
  56  4:34  SCV  
  58  4:38  Marine  
  58  4:41  Supply Depot, Marine x2  
  58  4:45  SCV  
  62  4:46  SCV  
  62  4:48  Supply Depot  
  63  4:57  SCV  
  63  4:58  SCV  
  65  5:00  Marine x2  
  65  5:02  Siege Tank  
  65  5:05  Bunker  
  70  5:09  SCV  
  70  5:10  SCV, Barracks  
  72  5:18  Supply Depot  
  72  5:19  Refinery  
  72  5:20  Marine  
  74  5:22  SCV x2  
  74  5:25  Barracks Tech Lab  
  75  5:32  Marine  
  75  5:34  SCV  
  75  5:35  SCV  
  78  5:39  Marine  
  78  5:40  Supply Depot  
  77  5:46  SCV  
  77  5:47  Starport Reactor  
  77  5:48  SCV, Stimpack, Marine  
  78  5:51  Marine  
  78  5:55  Supply Depot  
  75  5:57  Marine  
  75  5:58  SCV  
  75  6:00  SCV  
  78  6:06  Supply Depot, Marine  
  78  6:08  Marine  
  78  6:09  Factory Reactor  
  79  6:15  Marine  
  79  6:18  Supply Depot  
  78  6:20  SCV x2, Refinery  
  78  6:25  Marauder x2, Combat Shield  
  84  6:26  Marine  
  84  6:27  Medivac  
  84  6:29  Medivac  
  84  6:31  Supply Depot  
  89  6:33  Marine  
  90  6:40  Supply Depot  
  90  6:44  Marine  
  90  6:46  Marauder  
  93  6:47  Marauder  
  93  6:48  Widow Mine x2  
  93  6:51  Marine  
  100  7:01  Supply Depot, Command Center  
  100  7:02  Marine  
  100  7:07  Marauder  
  103  7:08  Marine  
  103  7:10  Widow Mine x2, Marauder  
  110  7:16  Barracks  
  110  7:17  Supply Depot, Barracks  
  110  7:20  Marine  
  111  7:23  Medivac  
  111  7:24  Medivac  
  113  7:31  Widow Mine  
  113  7:32  Marauder  
  113  7:33  Marauder  
  113  7:34  Marine  
  120  7:37  Marine  
  120  7:43  SCV x2  
  119  7:49  Widow Mine  
  113  7:52  Widow Mine  
  113  7:53  Medivac  
  113  7:55  SCV x2  
  113  7:58  Marauder  
  109  8:00  Marine  
  109  8:01  Marine  
  105  8:07  SCV  
  105  8:11  Widow Mine  
  106  8:14  Marauder  
  106  8:17  Widow Mine  
  106  8:19  Marauder  
  100  8:28  Barracks Reactor  
  100  8:29  Barracks Tech Lab  
  100  8:30  Refinery  
  100  8:31  SCV  
  100  8:32  SCV  
  92  8:34  Marine  
  92  8:35  Marauder, Marine  
  91  8:43  SCV, Widow Mine x2  
  91  8:44  SCV  
  91  8:46  Marauder  
  99  8:55  Orbital Command  
  99  8:56  SCV x2, Refinery  
  99  8:58  Refinery  
  99  9:08  SCV x2, Concussive Shells  
  99  9:09  Marauder x2  
  105  9:13  Marine x2  
  105  9:17  Medivac, Widow Mine x2  
  100  9:20  SCV x2, Marine x2  
  100  9:21  Marauder  
  106  9:31  Marauder x2, Marine x2  
  109  9:32  SCV x2  
  109  9:34  Medivac  
  109  9:38  Widow Mine x2  
  112  9:40  Marine x2  
  112  9:43  Marauder  
  112  9:44  SCV x2  
  110  9:52  Command Center, Marauder x2  
  111  9:55  Marine  
  111  9:56  Marine  
  111  9:58  Marine x2  
  111  9:59  Widow Mine x2  
  118  10:01  Ghost Academy  
  118  10:04  Marauder  
  118  10:06  Supply Depot  
  118  10:10  Engineering Bay  
  118  10:12  Engineering Bay  
  118  10:13  Marauder, Marine  
  118  10:14  Marauder  
  127  10:20  Marine x2  
  129  10:22  SCV x2  
  129  10:24  SCV  
Tags
 
Add a new tag
Caveats
  • Supply blocks, unpowered buildings, or Contaminate may cause inaccurate times.
  • Supply counts are checked every 10 seconds.